 Dungeon Crawl Stone Soup version 0.29.1-2-gbd0b4ee654 (webtiles) character file.

Game seed: 10329818732290486357

113 shoresy the Shield-Bearer (level 4, -1/41 HPs)
             Began as a Minotaur Fighter on Nov 5, 2022.
             Slain by Grinder (6 damage)
             ... on level 3 of the Dungeon.
             The game lasted 00:10:57 (2280 turns).

shoresy the Shield-Bearer (Minotaur Fighter)        Turns: 2280, Time: 00:10:58

Health: -1/41      AC:  7    Str: 22    XL:     4   Next: 65%
Magic:  3/3        EV:  9    Int:  5    God:
Gold:   122        SH:  4    Dex: 10    Spells: 3/3 levels left

rFire   . . .      SeeInvis +   a - +0 war axe
rCold   . . .      Faith    .   c - +0 buckler
rNeg    . . .      Spirit   .   b - +0 scale mail
rPois   .          Reflect  .   (helmet restricted)
rElec   .          Harm     .   (no cloak)
rCorr   .          Rampage  .   (no gloves)
Will    .....                   (no boots)
Stlth   ..........              (no amulet)
HPRegen 0.13/turn               k - ring of see invisible
MPRegen 0.08/turn               (no ring)

@: no status effects
A: horns 2, retaliatory headbutt
a: no special abilities


You were on level 3 of the Dungeon.
You visited 1 branch of the dungeon, and saw 3 of its levels.

You collected 122 gold pieces.

Inventory:

Hand Weapons
 a - a +0 war axe (weapon)
 e - a +0 sling
Missiles
 f - 12 stones (quivered)
Armour
 b - a +0 scale mail (worn)
 c - a +0 buckler (worn)
 n - a +0 helmet
Jewellery
 k - a ring of see invisible (left hand)
Wands
 o - a wand of flame (1)
Scrolls
 g - 2 scrolls of teleportation {unknown}
 i - a scroll of immolation {unknown}
 j - a scroll of brand weapon {unknown}
 l - a scroll of vulnerability {unknown}
 p - a scroll of identify {unknown}
 t - a scroll of enchant armour {unknown}
Potions
 d - 2 potions of might
 h - a potion of magic {unknown}
 m - a potion of heal wounds {unknown}
 q - a potion of berserk rage {unknown}
 r - a potion of flight {unknown}
 s - a potion of cancellation {unknown}


   Skills:
 + Level 4.5 Fighting
 + Level 3.5 Axes
 + Level 4.5 Armour
 + Level 4.5 Shields


You had 3 spell levels left.
You didn't know any spells.
Your spell library contained the following spells:

 Spells                   Type           Power      Damage    Failure   Level
 Blink                    Tloc           0%         N/A       95%         2
 Ignite Poison            Fire/Tmut/Pois 0%         N/A       99%         3
 Lesser Beckoning         Tloc           0%         N/A       99%         3
 Mephitic Cloud           Conj/Pois/Air  0%         N/A       99%         3
 Freezing Cloud           Conj/Ice/Air   0%         6-21      100%        5
 Manifold Assault         Tloc           0%         N/A       100%        5


Dungeon Overview and Level Annotations

Branches:
Dungeon (3/15)

Altars:

Annotations:
D:3 Grinder


Innate Abilities, Weirdness & Mutations

You have a pair of horns on your head.
You reflexively headbutt those who attack you in melee.


Message History

You hit the kobold.
You kill the kobold!
You hit the hobgoblin but do no damage. The hobgoblin closely misses you.
The hobgoblin completely misses you. You furiously retaliate!
You headbutt the hobgoblin. You slash the hobgoblin!
You kill the hobgoblin!
s - a red potion;
t - a scroll labelled CUOZOBLIOR You now have 122 gold pieces (gained 8).
Things that are here:
a +0 club; a +0 robe
Things that are here:
a +0 club; a +0 robe Grinder comes into view.
Grinder shouts!
Grinder blinks!
Grinder says, "FISH!"
Grinder blinks!
You block Grinder's attack.
You barely miss Grinder. Grinder closely misses you.
You slash Grinder! You headbutt Grinder, but do no damage.
Grinder is moderately wounded.
Grinder gestures at you. Pain shoots through your body!
You block Grinder's attack.
You hit Grinder. Your headbutt misses Grinder.
Grinder is moderately wounded.
Grinder completely misses you. You furiously retaliate!
You headbutt Grinder! You hit Grinder.
Grinder is severely wounded.
Grinder hits you.
You writhe in agony.
You slash Grinder!
Grinder is almost dead.
Grinder hits you but does no damage. Grinder hits you!
You writhe in agony.
* * * LOW HITPOINT WARNING * * *
You barely miss Grinder. Your headbutt misses Grinder.
Grinder is almost dead.
Grinder hits you.
* * * LOW HITPOINT WARNING * * *
You writhe in agony.
You die...

#### ..#
#5# #@# ###
#.# ..# #.#
#.# #.# #.#
#.# #.# #.#
#.###.###.#
#.........#
#####.#####


You could see Grinder.

Vanquished Creatures
  Jessica (D:3)
  4 adders
  A worm (D:2)
  2 dart slugs (D:2)
  3 endoplasms (D:2)
  A giant cockroach (D:2)
  4 goblins
  3 hobgoblins
  4 jackals (D:2)
  A quokka (D:2)
  5 ball pythons
  2 bats
  6 frilled lizards
  6 kobolds
  4 rats
47 creatures vanquished.

Vanquished Creatures (others)
  15 plants (D:2)
15 creatures vanquished.

Grand Total: 62 creatures vanquished

Notes
Turn   | Place    | Note
-------+----------+-------------------------------------------
     0 | D:1      | shoresy the Minotaur Fighter began the quest for the Orb.
     0 | D:1      | Reached XP level 1. HP: 19/19 MP: 0/0
    85 | D:2      | Reached XP level 2. HP: 20/27 MP: 1/1
   377 | D:2      | Reached XP level 3. HP: 14/33 MP: 2/2
  1300 | D:2      | Reached XP level 4. HP: 31/40 MP: 3/3
  1447 | D:3      | Noticed Jessica
  1463 | D:3      | Killed Jessica
  2266 | D:3      | Noticed Grinder
  2280 | D:3      | Slain by Grinder

Illustrated notes

Levels and vault maps discovered:
D:1:      tarquinn_simple_flora_water_a, layout_basic, hex_medium
D:2:      layout_rooms, serial_forest, infiniplex_forest_lined_corner,
          infiniplex_forest_end_2, infiniplex_forest_end_3,
          infiniplex_forest_side_room, infiniplex_forest_lined_room_3,
          infiniplex_forest_clump_double, infiniplex_forest_diagonal,
          infiniplex_forest_clump_small
D:3:      layout_loops_ring, ebering_ecumenical_altar_sacrificial, uniq_grinder,
          uniq_jessica

Skill      XL: |  1  2 |
---------------+-------+-----
Fighting       | 4 |  4.5
Armour         | 4 |  4.5
Shields        | 4 |  4.5
Axes           | 3 |  3.5

Action                   |  1- 3 |  4- 6 || total
-------------------------+-------+-------++-------
Melee: War axe           |    77 |    44 ||   121
       Headbutt          |     9 |    11 ||    20
Armor: Scale mail        |    47 |     8 ||    55
Dodge: Dodged            |    53 |    13 ||    66
Block: Buckler           |    21 |     9 ||    30
